 Dungeon Crawl Stone Soup version 0.27-a0-245-g075faa5519 (webtiles) character file.

Game seed: 9913282135775024091

7 EnegeticOcto the Skirmisher (level 2, 0/19 HPs)
             Began as a Kobold Fighter on Feb 2, 2021.
             Slain by a jackal (1 damage)
             ... on level 1 of the Dungeon on Feb 3, 2021.
             The game lasted 00:01:14 (232 turns).

EnegeticOcto the Skirmisher (Kobold Fighter)         Turns: 232, Time: 00:01:14

Health: 0/19       AC:  6    Str: 13    XL:     2   Next: 5%
Magic:  2/2        EV:  8    Int:  9    God:
Gold:   12         SH:  8    Dex: 14    Spells: 1/1 levels left

rFire    . . .     SeeInvis .   a - +0 flail
rCold    . . .     Faith    .   c - +0 kite shield
rNeg     . . .     Spirit   .   b - +0 scale mail
rPois    .         Reflect  .   (no helmet)
rElec    .         Harm     .   (no cloak)
rCorr    .         Rampage  .   (no gloves)
Will     .....                  (no boots)
Stlth    +.........             (no amulet)
HPRegen  0.06/turn              (no ring)
MPRegen  0.08/turn              (no ring)

@: attractive
A: small, nightstalker 3
a: no special abilities


You were on level 1 of the Dungeon.
You visited 1 branch of the dungeon, and saw 1 of its levels.

You collected 12 gold pieces.

Inventory:

Hand Weapons
 a - a +0 flail (weapon)
Armour
 b - a +0 scale mail (worn)
 c - a +0 kite shield (worn)
Potions
 d - a potion of might {@q3 !q}
 e - a potion of attraction


   Skills:
 - Level 3.2 Fighting
 * Level 2.4 Maces & Flails
 - Level 2.4 Armour
 - Level 2.4 Shields


You had one spell level left.
You didn't know any spells.
Your spell library was empty.

Dungeon Overview and Level Annotations

Branches:
Dungeon (1/15)

Altars:


Innate Abilities, Weirdness & Mutations

You are small and have problems with some larger weapons.
You are completely attuned to the shadows.


Message History

You kill the giant cockroach!
Your Maces & Flails skill increases to level 2!
No target in view!
A hobgoblin comes into view.
The hobgoblin shouts!
You closely miss the hobgoblin. The hobgoblin barely misses you.
You barely miss the hobgoblin. You block the hobgoblin's attack.
The hobgoblin hits you but does no damage.
You hit the hobgoblin.
The hobgoblin is almost dead.
The hobgoblin hits you. x2
You hit the hobgoblin.
You kill the hobgoblin!
No target in view!
HP restored.
Found a hunting sling.
A jackal comes into view.
You see here 9 gold pieces.
A jackal comes into view.
The jackal barks! x2; You hear a bark!
A jackal comes into view. x2
The jackal barks!
Found 4 gold pieces.
The hobgoblin shouts!
The jackal bites you.
You hit the jackal but do no damage. The jackal completely misses you.
You block the jackal's attack.
You closely miss the jackal. You block the jackal's attack.
The jackal closely misses you. The jackal barely misses you.
You barely miss the jackal. The jackal bites you.
The jackal bites you but does no damage. x2
Your shield prevents you from hitting the jackal.
The jackal bites you but does no damage.
You block the jackal's attack.
The jackal bites you but does no damage.
You block the jackal's attack.
The jackal bites you but does no damage.
The jackal closely misses you. The jackal barely misses you.
You hit the jackal but do no damage. The jackal closely misses you.
The jackal completely misses you. The jackal bites you.
The jackal bites you but does no damage.
You block the jackal's attack. The jackal bites you.
The jackal barely misses you.
You hit the jackal.
The jackal is heavily wounded.
You block the jackal's attack.
The jackal bites you but does no damage. x5
You hit the jackal.
You kill the jackal!
You block the jackal's attack. x2
The jackal bites you but does no damage.
The jackal barely misses you. You block the jackal's attack.
You sock the jackal!
You kill the jackal!
You block the jackal's attack. The jackal barely misses you.
The jackal bites you but does no damage.
The jackal barely misses you.
You have reached level 2!
The jackal bites you.
Things that are here:
a jackal corpse; a jackal corpse You closely miss the jackal.
You block the jackal's attack. x2
The jackal bites you but does no damage.
You block the jackal's attack.
Your shield and scale mail prevent you from hitting the jackal.
You block the jackal's attack.
The jackal bites you but does no damage.
The jackal barely misses you.
The jackal bites you but does no damage.
You closely miss the jackal. You block the jackal's attack.
The jackal bites you. The jackal barely misses you.
The jackal bites you but does no damage.
The jackal bites you.
* * * LOW HITPOINT WARNING * * *
You closely miss the jackal. You block the jackal's attack.
The jackal bites you but does no damage.
The jackal bites you.
* * * LOW HITPOINT WARNING * * *
The jackal bites you.
* * * LOW HITPOINT WARNING * * *
It was a potion of attraction.
You feel attractive to monsters.
The jackal bites you but does no damage.
The jackal barely misses you. You block the jackal's attack.
Okay, then.
You aren't carrying any scrolls.
Unknown command.
You hit the jackal.
The jackal is heavily wounded.
You block the jackal's attack.
The jackal bites you but does no damage. x2
The jackal barely misses you.
You barely miss the jackal.
The jackal is heavily wounded.
The jackal bites you.
* * * LOW HITPOINT WARNING * * *
You block the jackal's attack.
The jackal bites you but does no damage.
The jackal bites you.
You die...

##.....#...#....
#......#...#....
#..............#
##..............#
#...........$....
###.##....##.......
#..........#.......
#.#######h.........
#.##.....#@.#).....
#.#.#....h#..###+#
#.#..#######...
#...gr#..#
#.$...#..#
#.....#..


You could see 2 jackals, a hobgoblin and a rat.

Vanquished Creatures
  A giant cockroach (D:1)
  A hobgoblin (D:1)
  2 jackals (D:1)
  A bat (D:1)
  A rat (D:1)
6 creatures vanquished.

Notes
Turn   | Place    | Note
-------+----------+-------------------------------------------
     0 | D:1      | EnegeticOcto the Kobold Fighter began the quest for the
                  | Orb.
     0 | D:1      | Reached XP level 1. HP: 14/14 MP: 1/1
     0 | D:1      | Upgraded the game from 0.27-a0-237-g52650a7530 to
                  | 0.27-a0-245-g075faa5519
    85 | D:1      | Reached skill level 2 in Maces & Flails
   225 | D:1      | Reached XP level 2. HP: 10/19 MP: 2/2
   232 | D:1      | Slain by a jackal

Illustrated notes

Levels and vault maps discovered:
D:1:      dpeg_arrival_boxes_within_box, layout_basic, st_stairs_4,
          solitary_fountain, minmay_3d_cube

Skill      XL: |  1 |
---------------+----+-----
Maces & Flails | 2 |  2.4
Fighting       | |  3.2
Armour         | |  2.4
Shields        | |  2.4

Action                   || total
-------------------------++-------
Melee: Flail             ||    30
  Use: Potion            ||     1
Armor: Scale mail        ||    31
Dodge: Dodged            ||    22
Block: Kite shield       ||    28

Table legend: (Time is in decaauts)
 A = Elapsed time spent in this place.
 B = Non-inter-level travel time spent in this place.
 C = Inter-level travel time spent in this place.
 D = Time resting spent in this place.
 E = Time spent auto-exploring this place.
 F = Levels seen in this place.
 G = Mean time per level.
                   A        B        C        D        E       F      G
               +--------+--------+--------+--------+--------+-----+--------+
         Total |    248 |    248 |      0 |      0 |     98 |   1 |  248.0 |
       Dungeon |    248 |    248 |      0 |      0 |     98 |   1 |  248.0 |
               +--------+--------+--------+--------+--------+-----+--------+

Top non-repeatable levels by time:
     D:1: 248 daAuts
